[Event "fics rated crazyhouse match"]
[Site "fics, Oklahoma City, OK USA"]
[Date "2000.02.26"]
[White "XXNoWay"]
[WhiteElo "2380"]
[Black "venomous"]
[BlackElo "2423"]
[TimeControl "60+0"]
[Result "0-1"]

1. e4 e6 2. Nf3 Nc6 3. Nc3 Nf6 4. d4 d6 5. Bd3 Be7 6. O-O 
e5 7. d5 Nb4 8. Bg5 O-O 9. Bxf6 Bxf6 10. N@h5 Bg4 11. Nxf6+ Qxf6 
12. B@g5 Qg6 13. a3 Nxd3 14. cxd3 Bxf3 15. N@e7+ Kh8 16. Nxg6+ fxg6 17. Qxf3 
Rxf3 18. B@g4 Rff8 19. Be7 N@h6 20. Bxf8 Rxf8 21. Q@e7 Q@f7 22. Qxf7 Rxf7 
23. Q@e6 B@g8 24. R@e8 B@f8 25. Qxf7 Bxf7 26. Rxf8+ B@g8 27. Bf3 N@d7 28. Rd8 
N@g5 29. B@e2 Nxf3+ 30. Bxf3 B@e8 31. R@c8 Q@e7 32. Rxe8 Bxe8 33. B@h3 R@f8 
34. Bxd7 Bxd7 35. Rxf8 Qxf8 36. N@g5 B@e8 37. N@e6 Bdxe6 38. dxe6 N@d8 39. B@f7 
Ndxf7 40. exf7 Bexf7 41. Nxf7+ Bxf7 42. R@d7 B@e7 43. N@g5 Bxg5 44. Rxf7 Qxf7 
45. B@f6 gxf6 46. B@f8 Qxf8 47. g3 Qg7 
{XXNoWay forfeits on time} 0-1

[Event "fics rated crazyhouse match"]
[Site "fics, Oklahoma City, OK USA"]
[Date "2000.02.26"]
[White "venomous"]
[WhiteElo "2430"]
[Black "XXNoWay"]
[BlackElo "2373"]
[TimeControl "60+0"]
[Result "0-1"]

1. e4 Nc6 2. Nf3 e5 3. Bc4 Be7 4. O-O Nf6 5. Nc3 O-O 6. d3 
d6 7. h3 Nd4 8. Nxd4 exd4 9. Nd5 Nxd5 10. Bxd5 N@g5 11. Bxg5 Bxg5 
12. N@f3 B@h5 13. Nxg5 Qxg5 14. B@e2 Bxe2 15. Qxe2 N@f4 16. Qf3 B@e2 17. Qxf4 
Qxf4 18. B@g3 Qg5 19. Rfe1 N@f4 20. Bxf4 Qxg2+ 21. Kxg2 P@f3+ 22. Kg3 Q@g2+ 
23. Kh4 Qxh3+ 24. Kg5 Qg4# 
{venomous checkmated} 0-1

[Event "fics rated crazyhouse match"]
[Site "fics, Oklahoma City, OK USA"]
[Date "2000.02.26"]
[White "XXNoWay"]
[WhiteElo "2382"]
[Black "venomous"]
[BlackElo "2421"]
[TimeControl "60+0"]
[Result "1-0"]

1. e4 e6 2. Nc3 Nc6 3. Nf3 Nf6 4. Bb5 d6 5. O-O Bd7 6. d4 
Be7 7. Bxc6 Bxc6 8. d5 Bd7 9. Ng5 B@h5 10. f3 O-O 11. dxe6 Bxe6 
12. P@f5 Bd7 13. Nxf7 Bxf7 14. P@e6 Bdxe6 15. fxe6 Bxe6 16. N@g5 P@f7 17. Nxe6 
fxe6 18. B@b3 P@f7 19. Bg5 N@c5 20. B@h3 Nxb3 21. axb3 B@b6+ 22. Kh1 P@h6 
23. Bxf6 Bxf6 24. N@h5 Bxc3 25. bxc3 B@f6 26. Nxf6+ Qxf6 27. B@d4 e5 28. Bxb6 
axb6 29. N@d5 Qd8 30. B@e7 Rxa1 31. Qxa1 B@c5 32. B@h4 N@g6 33. Bxd8 Nxh4 
34. Bxh4 B@d8 35. N@e7+ Kh8 36. b4 N@g6 37. Nxg6+ hxg6 38. bxc5 Bxh4 39. B@e7 
Bxe7 40. Nxe7 bxc5 41. N@h4 P@e3 42. Nhxg6+ fxg6 43. Nxg6+ Kg8 44. Q@h8+ Kf7 
45. Qxf8+ Kxg6 46. B@f5+ Kg5 47. P@g4 N@f2+ 48. Rxf2 exf2 49. R@h5+ Kf4 50. P@g3+ 
Ke3 51. R@d3+ Ke2 52. Qd1# 
{venomous checkmated} 1-0

[Event "fics rated crazyhouse match"]
[Site "fics, Oklahoma City, OK USA"]
[Date "2000.02.26"]
[White "venomous"]
[WhiteElo "2412"]
[Black "XXNoWay"]
[BlackElo "2391"]
[TimeControl "60+0"]
[Result "1-0"]

1. e4 e5 2. Bc4 Nf6 3. Nf3 Bd6 4. O-O O-O 5. d4 exd4 6. e5 
Bxe5 7. Nxe5 d6 8. Nxf7 Rxf7 9. Bxf7+ Kxf7 10. P@g5 B@e5 11. gxf6 Qxf6 
12. N@e4 Qe7 13. Qh5+ P@g6 14. Qxh7 Bf5 15. B@g8+ Ke8 16. P@f7+ Kd7 17. R@e8 
Qxe8 18. fxe8=Q+ Kxe8 19. Bg5 Nc6 20. Bd5 P@e6 21. Bxc6# 
{XXNoWay resigns} 1-0

[Event "fics rated crazyhouse match"]
[Site "fics, Oklahoma City, OK USA"]
[Date "2000.02.26"]
[White "XXNoWay"]
[WhiteElo "2383"]
[Black "venomous"]
[BlackElo "2420"]
[TimeControl "60+0"]
[Result "0-1"]

1. e4 e6 2. Nc3 Nc6 3. Nf3 Bb4 4. Bb5 Nf6 5. O-O a6 6. Bxc6 
dxc6 7. e5 Nd5 8. Nxd5 exd5 9. N@h5 Rg8 10. d4 B@e7 11. Bf4 Bg4 
12. c3 Bxh5 13. cxb4 N@e6 14. B@g3 N@f5 15. N@d2 Bxf3 16. Nxf3 N@g6 17. B@e3 
Ngxf4 18. Bgxf4 B@h5 19. N@g3 Bxf3 20. Qxf3 Nexd4 21. Bxd4 Nxd4 22. Qh5 B@g6 
23. Qxg6 hxg6 24. N@g5 Bxg5 25. Bxg5 Qxg5 26. B@e3 N@h3+ 27. Kh1 Qxe3 28. B@d7+ 
Kxd7 29. B@g4+ B@e6 30. Bxe6+ fxe6 31. fxe3 
{XXNoWay resigns} 0-1

[Event "fics rated crazyhouse match"]
[Site "fics, Oklahoma City, OK USA"]
[Date "2000.02.26"]
[White "venomous"]
[WhiteElo "2427"]
[Black "XXNoWay"]
[BlackElo "2376"]
[TimeControl "60+0"]
[Result "0-1"]

1. e4 Nf6 2. Nc3 e5 3. Bc4 Be7 4. Nf3 d6 5. O-O O-O 6. h3 
Nc6 7. d3 Nd4 8. Bg5 Nxf3+ 9. Qxf3 N@d4 10. Qd1 h6 11. Bxf6 Bxf6 
12. Nd5 Bh4 13. N@g3 Bxg3 14. fxg3 B@e2 15. N@e7+ Kh7 16. Qxe2 Nxe2+ 17. Kh2 
Nxg3 18. B@h4 Nxf1+ 19. Rxf1 P@f4 20. B@f5+ Bxf5 21. exf5 B@g3+ 22. Bxg3 fxg3+ 
23. Kxg3 B@h4+ 24. Kf3 N@d4+ 25. Ke3 Q@e2# 
{venomous checkmated} 0-1

[Event "fics rated crazyhouse match"]
[Site "fics, Oklahoma City, OK USA"]
[Date "2000.02.26"]
[White "XXNoWay"]
[WhiteElo "2385"]
[Black "venomous"]
[BlackElo "2418"]
[TimeControl "60+0"]
[Result "0-1"]

1. e4 e6 2. Nc3 Nc6 3. Nf3 Bb4 4. Bb5 Nf6 5. O-O a6 6. Bxc6 
dxc6 7. e5 Nd5 8. N@h5 Bxc3 9. dxc3 Rg8 10. B@h4 B@e7 11. Bxe7 Qxe7 
12. B@h4 f6 13. exf6 gxf6 14. P@g3 P@g7 15. c4 B@g4 16. cxd5 Bxh5 17. dxe6 
Bxe6 18. N@f4 Rd8 19. Nxh5 Rxd1 20. Rxd1 P@e2 21. Bf4 exd1=Q+ 22. Rxd1 N@e2+ 
23. Kh1 N@h3 24. B@e3 Nhxf4 25. gxf4 B@d5 26. P@d6 cxd6 27. N@c7+ Qxc7 28. P@b6 
Qxb6 29. Bxf6 Qxe3 30. R@b8+ Kd7 31. fxe3 N@f2# 
{XXNoWay checkmated} 0-1

[Event "fics rated crazyhouse match"]
[Site "fics, Oklahoma City, OK USA"]
[Date "2000.02.26"]
[White "venomous"]
[WhiteElo "2425"]
[Black "XXNoWay"]
[BlackElo "2378"]
[TimeControl "60+0"]
[Result "0-1"]

1. e4 Nf6 2. Nc3 e5 3. Bc4 Be7 4. Nf3 d6 5. Bxf7+ Kxf7 6. d4 
exd4 7. e5 P@g4 8. exf6 gxf3 9. fxe7 Qxe7+ 10. B@e4 dxc3 11. Qxf3+ B@f6 
12. N@g5+ Kf8 13. O-O P@g4 14. Qe2 N@d4 15. Qd3 N@e5 16. Nxh7+ Rxh7 17. Bxh7 
Nxd3 18. R@h8+ Kf7 19. P@g6+ Ke6 20. Bg8+ Kd7 21. P@e6+ Kc6 22. cxd3 N@e2+ 
23. Kh1 Bxe6 24. Bxe6 P@f3 25. B@d5+ Kb6 26. N@c4+ Kc5 27. Rxb8 fxg2+ 28. Bxg2 
Rxb8 29. N@e4+ Kb5 30. a4+ Kb4 31. P@a3+ Kb3 32. P@a2+ Kc2 33. bxc3 P@f3 
34. Ne3+ Kxd3 35. Rd1+ Kxe4 36. Rxd4+ Bxd4 37. N@g3+ Ke5 38. Nxg4+ Kxe6 39. Bxf3 
Kd7 
{venomous forfeits on time} 0-1

[Event "fics rated crazyhouse match"]
[Site "fics, Oklahoma City, OK USA"]
[Date "2000.02.26"]
[White "XXNoWay"]
[WhiteElo "2387"]
[Black "venomous"]
[BlackElo "2416"]
[TimeControl "60+0"]
[Result "1-0"]

1. e4 e6 2. Nc3 Nc6 3. Nf3 Bb4 4. Bb5 Nf6 5. e5 Ng4 6. O-O 
Ngxe5 7. Nxe5 Nxe5 8. d4 Ng6 9. N@h5 Rg8 10. Ne4 P@e7 11. Bg5 N@d5 
12. c4 Nf6 13. Bxf6 exf6 14. Nexf6+ gxf6 15. N@h6 c6 16. Nxg8 cxb5 17. Ngxf6+ 
Ke7 18. R@g8 Qxg8 19. Nxg8+ Kd8 20. P@e7+ Nxe7 21. Nxe7 Bxe7 22. P@f6 Bd6 
23. N@e5 Bxe5 24. dxe5 B@c5 25. B@e7+ Bxe7 26. fxe7+ Kxe7 27. Qd6# 
{venomous resigns} 1-0

[Event "fics rated crazyhouse match"]
[Site "fics, Oklahoma City, OK USA"]
[Date "2000.02.26"]
[White "venomous"]
[WhiteElo "2407"]
[Black "XXNoWay"]
[BlackElo "2396"]
[TimeControl "60+0"]
[Result "0-1"]

1. b3 Nf6 2. Bb2 d6 3. e3 e5 4. Nf3 Nc6 5. Bb5 Bg4 6. h3 
Bxf3 7. Qxf3 Be7 8. Bxc6+ bxc6 9. Qxc6+ B@d7 10. Qf3 e4 11. Qe2 N@h4 
12. Rg1 Bxh3 13. gxh3 P@f3 14. Qc4 Ng2+ 15. Kd1 d5 16. Qa4+ Qd7 17. B@b5 
Qxb5 18. Qxb5+ B@d7 19. Qxd7+ Nxd7 20. Nc3 Bb4 21. Nxd5 Q@e2+ 22. Kc1 Qxd2+ 
23. Kb1 Qxd5 24. B@c3 N@d2+ 25. Bxd2 Qxd2 26. B@c1 Qxf2 27. P@e6 fxe6 28. P@f7+ 
Kd8 29. Q@g8+ B@f8 30. Qxh8 Kc8 31. R@e8+ Kb7 32. N@d4 Qxg1 33. a3 P@d2 
34. axb4 dxc1=Q+ 35. Bxc1 Qxc1+ 36. Kxc1 P@d2+ 37. Kb2 B@c1+ 38. Rxc1 dxc1=Q+ 39. Kxc1 
R@e1+ 40. Kb2 B@a1+ 41. Ka2 R@a6+ 42. N@a5+ Rxa5+ 43. bxa5 N@c3# 
{venomous checkmated} 0-1

[Event "fics rated crazyhouse match"]
[Site "fics, Oklahoma City, OK USA"]
[Date "2000.02.26"]
[White "XXNoWay"]
[WhiteElo "2404"]
[Black "venomous"]
[BlackElo "2399"]
[TimeControl "60+0"]
[Result "1-0"]

1. e4 e6 2. Nc3 Nc6 3. Nf3 Bb4 4. Bb5 Nf6 5. e5 Ng4 6. d4 
Bxc3+ 7. bxc3 N@e4 8. O-O Nxc3 9. Qd3 Nxb5 10. B@h4 P@e7 11. Qxb5 B@a6 
12. Qxa6 bxa6 13. Bcg5 Q@g6 14. B@d3 Qh5 15. N@g3 Qxh4 16. Bxh4 B@c3 17. Q@g5 
Rg8 18. Qxg4 Bxa1 19. Bxh7 R@h8 20. Bxg8 d6 21. Bxf7# 
{venomous resigns} 1-0

[Event "fics rated crazyhouse match"]
[Site "fics, Oklahoma City, OK USA"]
[Date "2000.02.26"]
[White "venomous"]
[WhiteElo "2391"]
[Black "XXNoWay"]
[BlackElo "2412"]
[TimeControl "60+0"]
[Result "1-0"]

1. e4 Nf6 2. Nc3 e5 3. Bc4 Be7 4. Nf3 Nc6 5. Bxf7+ Kxf7 6. P@d5 
Nd4 7. Nxe5+ Kf8 8. d3 d6 9. Nf3 Bg4 10. Nxd4 Bxd1 11. Kxd1 B@g4+ 
12. B@f3 Bxf3+ 13. gxf3 B@f7 14. N@e6+ Bxe6 15. Nxe6+ Ke8 16. Nxd8 Kxd8 17. B@h3 
Q@h4 18. Q@g3 Qxg3 19. hxg3 N@e5 20. B@e2 N@d4 21. P@g5 Nfd7 22. Be3 Nxe2 
23. Kxe2 Nxf3 24. Bxd7 Ne5 25. Bg4 P@f3+ 26. Bxf3 Nxf3 27. N@e6+ Kc8 28. P@c6 
bxc6 29. dxc6 Ng1+ 30. Rhxg1 B@f3+ 31. Kxf3 P@g4+ 32. Ke2 B@f3+ 33. Kd2 Rb8 
34. P@d7# 
{XXNoWay checkmated} 1-0

[Event "fics rated crazyhouse match"]
[Site "fics, Oklahoma City, OK USA"]
[Date "2000.02.26"]
[White "XXNoWay"]
[WhiteElo "2404"]
[Black "venomous"]
[BlackElo "2399"]
[TimeControl "60+0"]
[Result "1-0"]

1. e4 e6 2. Nc3 Nc6 3. Nf3 Nf6 4. Bb5 d6 5. d4 Bd7 6. O-O 
e5 7. Bxc6 bxc6 8. dxe5 dxe5 9. Nxe5 B@d6 10. Nxf7 Kxf7 11. N@g5+ Ke7 
12. P@e6 Bxe6 13. Nxe6 Qd7 14. B@f5 P@g6 15. Nxf8 gxf5 16. Nxd7 Kxd7 17. P@e6+ 
Kxe6 18. exf5+ Ke7 19. Q@e6+ Kf8 20. Qdxd6+ cxd6 21. P@e7# 
{venomous resigns} 1-0

[Event "fics rated crazyhouse match"]
[Site "fics, Oklahoma City, OK USA"]
[Date "2000.02.26"]
[White "venomous"]
[WhiteElo "2391"]
[Black "XXNoWay"]
[BlackElo "2412"]
[TimeControl "60+0"]
[Result "1-0"]

1. e4 Nf6 2. e5 Nd5 3. Bc4 e6 4. Bxd5 exd5 5. Nf3 d6 6. O-O 
Nc6 7. exd6 cxd6 8. d3 P@e4 9. dxe4 dxe4 10. Re1 B@f5 11. N@g5 Be7 
12. Nxe4 Bxe4 13. Rxe4 Bf5 14. Re1 P@e4 15. Nd4 Nxd4 16. Qxd4 N@e6 17. Qa4+ 
Kf8 18. P@h6 gxh6 19. Bxh6+ P@g7 20. Bxg7+ Nxg7 21. P@h6 Rg8 22. hxg7+ Rxg7 
23. B@h6 N@f3+ 24. Kf1 Nxh2+ 25. Ke2 P@d3+ 26. Kd2 B@g5+ 27. Bxg5 Bxg5+ 28. B@e3 
Bxe3+ 29. Rxe3 dxc2 30. B@h6 B@g5 31. Bxg7+ Kxg7 32. N@h5+ Kh6 33. Qxc2 B@a5+ 
34. Nc3 P@d3 35. R@h3 Bxc3+ 36. Qxc3 B@a5 37. B@g7+ Kg6 38. N@f4+ Bxf4 39. Nxf4+ 
Kg5 40. Reg3+ Bg4 41. Rh5+ Kxf4 42. B@e3# 
{XXNoWay checkmated} 1-0

[Event "fics rated crazyhouse match"]
[Site "fics, Oklahoma City, OK USA"]
[Date "2000.02.26"]
[White "XXNoWay"]
[WhiteElo "2404"]
[Black "venomous"]
[BlackElo "2399"]
[TimeControl "60+0"]
[Result "0-1"]

1. e4 d6 2. Nc3 Nf6 3. d4 Bg4 4. f3 Bd7 5. e5 dxe5 6. dxe5 
Ng8 7. Bc4 e6 8. Nh3 Bc5 9. P@d4 Bb4 10. O-O Nc6 11. Bg5 P@f6 
12. exf6 Nxf6 13. Bxf6 Qxf6 14. P@e5 Nxe5 15. dxe5 B@e3+ 16. Kh1 Qxe5 17. N@g4 
Bxc3 18. Nxe5 Bxe5 19. N@g4 B3d4 20. Nxe5 Bxe5 21. B@g4 N@f6 22. Q@e3 P@d6 
23. Bgxe6 fxe6 24. P@f7+ Ke7 25. Ng5 B@b6 26. Qee2 N@f4 27. Qed2 P@h6 28. Bxe6 
hxg5 29. Bxd7 P@h3 30. Rg1 hxg2+ 31. Rxg2 P@h3 32. B@f1 hxg2+ 33. Bxg2 N@f2+ 
34. Qxf2 Bxf2 35. Bf5 Nxg2 36. N@g8+ Nxg8 37. fxg8=Q Rhxg8 38. N@d5+ Ke8 39. P@d7+ 
Kf7 40. P@e6+ Kf8 
{XXNoWay forfeits on time} 0-1

[Event "fics rated crazyhouse match"]
[Site "fics, Oklahoma City, OK USA"]
[Date "2000.02.26"]
[White "venomous"]
[WhiteElo "2407"]
[Black "XXNoWay"]
[BlackElo "2396"]
[TimeControl "60+0"]
[Result "0-1"]

1. e4 e6 2. d4 Nf6 3. Bd3 Nc6 4. Be3 d6 5. Nf3 Be7 6. Nc3 
e5 7. d5 Nb4 8. Be2 Bg4 9. O-O Bxf3 10. Bxf3 N@d4 11. Bxd4 exd4 
12. Qxd4 B@c5 13. Qd2 O-O 14. P@e6 fxe6 15. dxe6 P@e3 16. P@f7+ Kh8 17. fxe3 
Bxe3+ 18. Qxe3 Nxc2 19. Qg5 P@h6 20. Qd2 Nb4 21. N@f4 P@g5 22. Nfd5 Nbxd5 
23. Nxd5 Nxd5 24. exd5 N@h4 25. B@c2 Nxf3+ 26. Rxf3 B@c5+ 27. P@d4 N@h4 28. Bxh7 
Nxf3+ 29. gxf3 Bxd4+ 30. Qxd4 R@e2 31. N@g6+ Kxh7 32. Nxf8+ Qxf8 33. P@g6+ Kxg6 
34. B@d3+ P@f5 35. Bxe2 N@h3+ 36. Kh1 B@f2 37. B@e3 Bxe3 38. Qxe3 B@f4 39. Qxf4 
gxf4 40. R@g2+ P@g3 41. hxg3 fxg3 42. Rxg3+ P@g4 43. P@h5+ Kxh5 44. fxg4+ fxg4 
45. Rxh3+ Kg5 46. B@h4+ Kf4 47. B@g3+ Ke4 48. Bd3+ Kxd3 49. Bxd6+ Kc4 50. R@c3+ 
Kxd5 51. N@e3+ Kxe6 52. N@f5 Kxf7 
{venomous forfeits on time} 0-1

[Event "fics rated crazyhouse match"]
[Site "fics, Oklahoma City, OK USA"]
[Date "2000.02.26"]
[White "XXNoWay"]
[WhiteElo "2404"]
[Black "venomous"]
[BlackElo "2399"]
[TimeControl "60+0"]
[Result "0-1"]

1. e4 e6 2. Nc3 Nc6 3. Nf3 Nf6 4. Bb5 d6 5. O-O Bd7 6. d4 
Be7 7. Bxc6 Bxc6 8. d5 Bd7 9. dxe6 Bxe6 10. N@g5 B@g4 11. Nxe6 fxe6 
12. P@f5 exf5 13. exf5 Bxf5 14. P@e4 Bg4 15. B@f5 Bxf5 16. exf5 O-O 17. B@b3+ 
P@f7 18. Bg5 N@c5 19. Bc4 P@e4 20. Bxf6 Bxf6 21. Nd4 Bxd4 22. Qxd4 B@e5 
23. Qd5 B@c6 24. Qxf7+ Rxf7 25. Bxf7+ Kh8 26. B@g8 N@g5 27. R@h5 P@h6 28. Bxh7 
e3 29. Bhg8 Qf6 30. f3 Bxc3 31. N@g6+ Qxg6 32. Bxg6 N@e2# 
{XXNoWay forfeits on time} 0-1

[Event "fics rated crazyhouse match"]
[Site "fics, Oklahoma City, OK USA"]
[Date "2000.02.26"]
[White "venomous"]
[WhiteElo "2407"]
[Black "XXNoWay"]
[BlackElo "2396"]
[TimeControl "60+0"]
[Result "1-0"]

1. e4 e6 2. d4 Nf6 3. Bd3 Nc6 4. Be3 d6 5. Nf3 e5 6. dxe5 
dxe5 7. P@b5 P@d4 8. bxc6 dxe3 9. fxe3 bxc6 10. Nxe5 Bd6 11. Nxc6 Qd7 
12. N@e5 B@b6 13. Nxd7 Bxd7 14. P@f2 Bxc6 15. P@d5 Bd7 16. P@c6 Bg4 17. f3 
Bc8 18. Qe2 Bxe3 19. Qxe3 P@f4 20. B@d7+ Nxd7 21. cxd7+ Bxd7 22. Qe2 P@e3 
23. N@f5 P@f2+ 24. Kd1 N@a4 25. Nxg7+ Kd8 26. Q@d4 B@e5 27. P@e7+ Kxe7 28. Qxa4 
Bxa4 29. N@f5+ Kd8 30. Nxd6 Bxd6 31. B@f6+ P@e7 32. Nf5 exf6 33. Nxd6 cxd6 
34. B@g7 Rg8 35. Bxf6+ B@e7 36. P@b7 Rb8 37. Bxe7+ Kxe7 38. B@d4 Rxb7 39. Bxe3 
fxe3 40. P@f6+ Kxf6 41. Qxe3 B@g5 42. Qf4+ Bxf4 43. P@e5# 
{XXNoWay forfeits on time} 1-0

[Event "fics rated crazyhouse match"]
[Site "fics, Oklahoma City, OK USA"]
[Date "2000.02.26"]
[White "XXNoWay"]
[WhiteElo "2388"]
[Black "venomous"]
[BlackElo "2415"]
[TimeControl "60+0"]
[Result "1-0"]

1. e4 e6 2. Nc3 Nc6 3. Nf3 Nf6 4. Bb5 d6 5. d4 Bd7 6. O-O 
Be7 7. Bxc6 Bxc6 8. d5 Bd7 9. dxe6 Bxe6 10. Ng5 O-O 11. Nxe6 fxe6 
12. P@f7+ Rxf7 13. N@g5 B@h5 14. B@e2 Bxe2 15. Qxe2 B@h5 16. Qc4 P@d5 17. exd5 
exd5 18. Nxd5 Nxd5 19. Qxd5 P@c6 20. Nxf7 Bxf7 21. Qxf7+ Kxf7 22. P@e6+ Kxe6 
23. B@g4+ Kf7 24. B@e6+ Kf6 25. R@f7+ Ke5 26. N@f3+ Ke4 27. P@d3# 
{venomous checkmated} 1-0

[Event "fics rated crazyhouse match"]
[Site "fics, Oklahoma City, OK USA"]
[Date "2000.02.26"]
[White "venomous"]
[WhiteElo "2406"]
[Black "XXNoWay"]
[BlackElo "2397"]
[TimeControl "60+0"]
[Result "1-0"]

1. e4 Nf6 2. Nc3 e5 3. Nf3 Nc6 4. d3 Be7 5. Bg5 O-O 6. Be2 
d6 7. O-O Bg4 8. Bxf6 Bxf6 9. Nd5 Bxf3 10. Bxf3 Nd4 11. B@g4 N@g5 
12. N@f5 Ngxf3+ 13. Bxf3 B@e6 14. Nxd4 exd4 15. Nxf6+ Qxf6 16. N@h5 Qg6 17. N@e7+ 
Kh8 18. Nxg6+ hxg6 19. B@f6 gxh5 20. Q@h6# 
{XXNoWay resigns} 1-0

[Event "fics rated crazyhouse match"]
[Site "fics, Oklahoma City, OK USA"]
[Date "2000.02.26"]
[White "RubberDuck"]
[WhiteElo "2189"]
[Black "pminear"]
[BlackElo "2353"]
[TimeControl "60+0"]
[Result "0-1"]

1. e4 e5 2. Nf3 Nc6 3. Bc4 Bc5 4. d3 Nf6 5. Nc3 d6 6. Bg5 
Bg4 7. Nd5 Bxf3 8. Qxf3 Nd4 9. Nxf6+ gxf6 10. N@g7+ Kf8 11. Bh6 Nxf3+ 
12. gxf3 Bxf2+ 13. Kd1 P@e2+ 14. Kd2 Ke7 15. Nf5+ Kd7 16. Bb5+ c6 17. Bc4 
N@g5 18. Bxg5 fxg5 19. B@e6+ fxe6 20. Bxe6+ Kc7 21. Kxe2 N@f4+ 22. Kd2 B@e3+ 
23. Kc3 Bd4+ 24. Kb3 B@a4+ 25. Kxa4 b5+ 26. Ka3 Q@a4# 
{RubberDuck checkmated} 0-1

[Event "fics rated crazyhouse match"]
[Site "fics, Oklahoma City, OK USA"]
[Date "2000.02.26"]
[White "pminear"]
[WhiteElo "2357"]
[Black "RubberDuck"]
[BlackElo "2185"]
[TimeControl "60+0"]
[Result "1-0"]

1. e4 e5 2. Nf3 Nc6 3. Bc4 Nf6 4. Nc3 Bc5 5. d3 O-O 6. Bg5 
h6 7. Bxf6 Qxf6 8. Nd5 Qd8 9. Qd2 d6 10. c3 Bg4 11. Rg1 Ne7 
12. N@f6+ gxf6 13. Nxf6+ Kh8 14. Nxg4 B@g7 15. P@f6 Bxf6 16. Qxh6+ P@h7 17. Nxf6 
Bxf2+ 18. Kxf2 N@g4+ 19. Nxg4 Ng6 20. P@g7+ Kg8 21. N@f6# 
{RubberDuck resigns} 1-0

[Event "fics rated crazyhouse match"]
[Site "fics, Oklahoma City, OK USA"]
[Date "2000.02.26"]
[White "RubberDuck"]
[WhiteElo "2181"]
[Black "pminear"]
[BlackElo "2361"]
[TimeControl "60+0"]
[Result "0-1"]

1. e4 e5 2. Nf3 Nc6 3. Bc4 Bc5 4. d3 Nf6 5. Nc3 d6 6. Bg5 
Bg4 7. h3 Bxf3 8. Qxf3 Nd4 9. Qd1 N@e6 10. Bxe6 fxe6 11. Bxf6 Qxf6 
12. N@g4 Qf7 13. B@a4+ c6 14. Bxc6+ bxc6 15. N@g5 Qe7 16. P@f7+ Kd7 17. O-O 
Qxg5 18. Nxe5+ dxe5 19. Qg4 Qxg4 20. hxg4 N@f3+ 21. gxf3 Nxf3+ 22. Kg2 N@h4+ 
23. Kg3 Q@g2# 
{RubberDuck checkmated} 0-1

[Event "fics rated crazyhouse match"]
[Site "fics, Oklahoma City, OK USA"]
[Date "2000.02.26"]
[White "pminear"]
[WhiteElo "2365"]
[Black "RubberDuck"]
[BlackElo "2177"]
[TimeControl "60+0"]
[Result "1-0"]

1. e4 e6 2. Nc3 Nf6 3. e5 Nd5 4. Nxd5 exd5 5. Nf3 d6 6. d4 
Nc6 7. Bb5 Bg4 8. h3 Bxf3 9. Qxf3 N@g5 10. Qxd5 dxe5 11. Qxd8+ Rxd8 
12. Bxg5 P@f6 13. B@b3 fxg5 14. Bxf7+ Kxf7 15. Bc4+ B@d5 16. Bxd5+ Rxd5 17. P@e6+ 
Kxe6 18. P@f5+ Kd7 19. Q@e6+ Kd8 20. N@f7# 
{RubberDuck checkmated} 1-0

[Event "fics rated crazyhouse match"]
[Site "fics, Oklahoma City, OK USA"]
[Date "2000.02.26"]
[White "RubberDuck"]
[WhiteElo "2173"]
[Black "pminear"]
[BlackElo "2369"]
[TimeControl "60+0"]
[Result "1-0"]

1. e4 e5 2. Nf3 Nc6 3. Bc4 Bc5 4. d3 Nf6 5. Nc3 d6 6. Ng5 
O-O 7. O-O Nd4 8. Nxf7 Rxf7 9. Bxf7+ Kxf7 10. P@h6 gxh6 11. Bxh6 P@g7 
12. Bxg7 Kxg7 13. Nd5 Nxd5 14. exd5 B@e2 15. N@h5+ Kg8 16. R@g7+ Kh8 17. P@f7 
N@h6 18. Rg8+ Qxg8 19. fxg8=Q+ Kxg8 20. Q@g7# 
{pminear checkmated} 1-0

[Event "fics rated crazyhouse match"]
[Site "fics, Oklahoma City, OK USA"]
[Date "2001.02.27"]
[White "LINDEGREN"]
[WhiteElo "2418"]
[Black "pminear"]
[BlackElo "2587"]
[TimeControl "120+0"]
[Result "1-0"]

1. e4 e5 2. Nc3 Nc6 3. Nf3 Nf6 4. Bc4 Be7 5. O-O d6 6. d3 
O-O 7. Bg5 Bg4 8. h3 Bxf3 9. Qxf3 Nd4 10. Qd1 c6 11. B@e3 b5 
12. Bb3 Nxb3 13. axb3 B@h5 14. Qe1 b4 15. Ne2 a5 16. Ng3 Bg6 17. N@f5 
Re8 18. Nxg7 Kxg7 19. Bxf6+ Bxf6 20. N@h5+ Kg8 21. Nxf6+ Qxf6 22. B@g5 Qh8 
23. P@f5 f6 24. fxg6 hxg6 25. Bxf6 Qxf6 26. B@g5 Qf7 27. P@f5 P@h7 28. fxg6 
hxg6 29. P@f5 B@h7 30. fxg6 Bxg6 31. P@f5 Bh7 32. f4 N@f8 33. fxe5 dxe5 
34. P@g6 Qg7 35. gxh7+ Qxh7 36. B@h5 P@f7 37. Bxf7+ Qxf7 38. P@g6 Qg7 39. Nh5 
B@f4 40. Bexf4 exf4 41. Nxg7 N@e5 42. Nh5 B@c5+ 43. B@f2 Bxf2+ 44. Qxf2 B@h8 
45. Nxf4 P@h2+ 46. Kh1 N@d6 47. P@h7+ Nxh7 48. gxh7+ Kxh7 49. B@g6+ Kg8 50. N@h6+ 
Kg7 51. Q@g8+ Rxg8 52. f6+ Kf8 53. Ne6# 
{pminear checkmated} 1-0

[Event "fics rated crazyhouse match"]
[Site "fics, Oklahoma City, OK USA"]
[Date "2001.02.27"]
[White "pminear"]
[WhiteElo "2575"]
[Black "LINDEGREN"]
[BlackElo "2430"]
[TimeControl "120+0"]
[Result "1-0"]

1. e4 Nf6 2. Nc3 Nc6 3. d4 e6 4. e5 Nd5 5. Nxd5 exd5 6. Nf3 
d6 7. Bb5 Bd7 8. Qe2 Be7 9. exd6 cxd6 10. P@h6 P@e4 11. hxg7 Rg8 
12. Bxc6 bxc6 13. Rg1 N@f5 14. N@h6 Nxh6 15. Bxh6 N@e6 16. P@f5 exf3 17. gxf3 
B@f6 18. fxe6 Bxe6 19. N@a6 Bxd4 20. N@c7+ Kd7 21. Nxa8 Qxa8 22. R@c7+ Kd8 
23. Rxe7 Kxe7 24. N@f5+ Kd7 25. Nxd4 N@e5 26. B@f4 N@c4 27. Bxe5 Nxe5 28. N@f6+ 
Ke7 29. Nxg8+ Qxg8 30. B@f8+ Kd7 31. R@e7+ Kd8 32. P@c7+ Kc8 33. Re8+ Kb7 
34. Nxe6 B@d7 35. Rb8# 
{LINDEGREN checkmated} 1-0

[Event "fics rated crazyhouse match"]
[Site "fics, Oklahoma City, OK USA"]
[Date "2000.02.29"]
[White "Gobi"]
[WhiteElo "2261"]
[Black "liveZ"]
[BlackElo "2404"]
[TimeControl "120+0"]
[Result "1-0"]

1. e4 e6 2. Nc3 d5 3. exd5 exd5 4. Nf3 Bb4 5. Bb5+ P@c6 6. Be2 
Nf6 7. d4 Ne4 8. Bd2 Nxd2 9. Qxd2 Bxc3 10. Qxc3 N@e4 11. Qe3 B@b4+ 
12. c3 Be7 13. B@e5 Rg8 14. P@d3 Ng5 15. Bxc7 Nxf3+ 16. Qxf3 Qxc7 17. N@e5 
Bf6 18. O-O N@g5 19. Qg3 B@d6 20. P@f4 Ne6 21. N@h5 Nxf4 22. Nxf6+ Kd8 
23. Rfe1 Nxe2+ 24. Rxe2 Rf8 25. Qxg7 B@e7 26. Qxf8+ Bxf8 27. R@e8# 
{liveZ checkmated} 1-0

[Event "fics rated crazyhouse match"]
[Site "fics, Oklahoma City, OK USA"]
[Date "2000.02.29"]
[White "liveZ"]
[WhiteElo "2386"]
[Black "Gobi"]
[BlackElo "2272"]
[TimeControl "120+0"]
[Result "1-0"]

1. e4 e5 2. Nf3 Nc6 3. Bb5 Bc5 4. O-O Qe7 5. c3 Nf6 6. d4 
exd4 7. cxd4 Bb6 8. e5 Ne4 9. Nc3 Nxc3 10. bxc3 N@d5 11. Qb3 P@e6 
12. P@e4 Na5 13. Qc2 a6 14. Ba4 Bxd4 15. Nxd4 Nb6 16. B@b4 P@c5 17. Bxa5 
cxd4 18. Bxb6 cxb6 19. N@c7+ Kf8 20. Nxa8 B@b8 21. cxd4 N@b4 22. Qd2 b5 
23. P@d6 Qe8 24. Qxb4 bxa4 25. Bg5 f6 26. exf6 gxf6 27. Bxf6 Rg8 28. P@e7+ 
Kf7 29. N@e5+ Kxf6 30. N@g4+ Kg7 31. P@f6+ Kh8 32. N@f7+ Qxf7 33. Nxf7# 
{Gobi checkmated} 1-0

[Event "fics rated crazyhouse match"]
[Site "fics, Oklahoma City, OK USA"]
[Date "2000.02.29"]
[White "Gobi"]
[WhiteElo "2266"]
[Black "liveZ"]
[BlackElo "2394"]
[TimeControl "120+0"]
[Result "0-1"]

1. e4 e6 2. d4 Nc6 3. Nf3 Nf6 4. Bd3 d5 5. e5 Ne4 6. O-O 
Be7 7. c4 Bd7 8. cxd5 exd5 9. P@c4 Be6 10. cxd5 Bxd5 11. Nc3 Nxc3 
12. bxc3 P@e4 13. Bxe4 Bxe4 14. N@h5 Rg8 15. Re1 B@c2 16. Qe2 Bcd3 17. Qxe4 
Bxe4 18. Rxe4 Q@d1+ 19. B@f1 Qd5 20. Re1 Qxe1 
{Gobi resigns} 0-1